AoeStats
← Dd

Arabia

503975945Analyzed
1v1 RM · 27d ago on Sep 3, 2026· 20m 32s· 2 players
Game mode
Random Map
Map size
Tiny (2 player)
Population
200
Speed
Normal
Resources
Standard
Victory
Conquest
Starting age
Dark Age
Ending age
Imperial Age
RankedLock teamsTeams togetherTeam positionsShared explorationLock speedFull tech treeHidden civsTurbo modeCheats
Victory
Defeat
🇨🇳 Japanese · China
1313
+14
🇨🇳 Poles · China
1264
-14
Dd
6:55 Loom
9:26 Feudal Age
12:59 Double-Bit Axe
15:45 Fletching
雀归鸣
9:07 Feudal Age
9:20 Man-at-Arms
10:18 Double-Bit Axe
10:20 Loom
14:00 Wheelbarrow
20:11 Castle Age
18:14 Fletching
18:59 Gold Mining
18:51 Horse Collar
20:43 Padded Archer Armor
21:06 Bodkin Arrow
Connection lost

Rejoining the realm…

Still unreachable

The connection could not be restored.

Session expired

The server has moved on; the page needs a fresh start.